Map: Echo LE (Void)

Players

DEN

  • Race: Terran Terran
  • League: Platinum
  • Spawn Location: 11:00

Fropez - Winner!

  • Race: Protoss Protoss
  • League: Gold
  • Spawn Location: 5:00

VOD

Have the link to the VOD?

Description

Time

  • Played on: Jan. 4, 2017, 6:34 p.m.
  • Length: 13:16
Show
View Real Time Build Order
Export as new Build Order

DEN Terran 

Build Orders: MMM Bio 

Get SALT Encoding   

  12  0:03  SCV  
  13  0:15  SCV  
  14  0:27  SCV  
  15  0:39  Supply Depot  
  15  0:52  Refinery  
  15  1:01  SCV  
  15  1:03  Barracks  
  16  1:08  Barracks  
  16  1:14  SCV  
  16  1:15  Barracks  
  17  1:20  Refinery  
  17  1:30  SCV  
  18  1:42  SCV  
  19  1:54  SCV  
  19  1:59  Supply Depot  
  19  2:00  Barracks Tech Lab  
  20  2:05  Barracks Tech Lab  
  20  2:07  Barracks Tech Lab  
  20  2:14  SCV  
  21  2:30  Factory  
  21  2:34  Stimpack  
  21  2:42  Orbital Command  
  21  2:50  Marine  
  22  2:51  Marine  
  22  2:53  Marine  
  24  3:00  Concussive Shells  
  24  3:09  Engineering Bay  
  24  3:14  Combat Shields  
  24  3:18  Factory Reactor  
  24  3:25  Marauder  
  26  3:29  Marauder  
  28  3:35  Marauder  
  28  3:41  Missile Turret  
  30  3:52  Starport  
  30  4:05  Supply Depot  
  30  4:27  Marauder x3  
  36  4:36  Supply Depot  
  36  4:40  Factory Tech Lab  
  36  4:42  Terran Infantry Weapons Level 1  
  36  4:43  Medivac  
  38  4:58  Marauder, Medivac  
  42  5:05  Marauder  
  44  5:12  Marauder  
  46  5:45  Liberator  
  46  6:02  Marauder x3  
  55  6:04  Supply Depot  
  54  6:24  Marauder  
  43  6:52  Marauder x3  
  45  6:56  Medivac x2  
  45  7:01  Supply Depot  
  47  7:13  Marauder x2  
  51  7:16  Siege Tank  
  53  8:08  Medivac x2  
  53  8:11  Marauder x3  
  63  8:25  Siege Tank  
  66  8:42  Command Center  
  58  9:43  Marauder x3  
  58  9:44  Liberator  
  61  10:04  Marauder x3  
  44  10:25  Marauder  
  44  10:26  Marauder x2  
  50  10:35  Terran Infantry Armor Level 1  
  47  10:41  Siege Tank  
  50  10:47  Marauder  
  52  10:57  Marauder x2  
  54  11:04  Orbital Command  
  54  11:08  Marauder  
  56  11:48  Marauder x3  
  62  11:59  Orbital Command  
  62  12:06  Siege Tank  
  65  12:09  Marauder  
  65  12:10  Marauder  
Show
View Real Time Build Order
Export as new Build Order

Fropez Protoss - Winner!

Build Orders: 1 Gate Expand 

Get SALT Encoding   

  12  0:00  Probe (Chrono Boost)  
  13  0:11  Probe (Chrono Boost)  
  14  0:22  Probe (Chrono Boost)  
  15  0:28  Pylon  
  15  0:34  Assimilator  
  15  0:47  Probe (Chrono Boost)  
  16  0:51  Gateway  
  16  0:57  Probe (Chrono Boost)  
  17  1:08  Probe (Chrono Boost)  
  19  1:18  Probe (Chrono Boost)  
  19  1:26  Nexus  
  19  1:29  Probe (Chrono Boost)  
  19  1:32  Assimilator  
  20  1:39  Probe (Chrono Boost)  
  20  1:56  Cybernetics Core  
  20  1:59  Pylon  
  20  2:00  Probe (Chrono Boost)  
  21  2:19  Probe (Chrono Boost)  
  22  2:24  Warp Gate  
  22  2:25  Gateway  
  23  2:30  Adept  
  23  2:34  Mothership Core (Chrono Boost)  
  26  2:50  Pylon  
  26  2:54  Probe (Chrono Boost)  
  26  2:56  Adept  
  26  2:58  Probe (Chrono Boost)  
  30  3:08  Probe (Chrono Boost)  
  31  3:15  Probe (Chrono Boost)  
  31  3:16  Robotics Facility  
  33  3:20  Probe (Chrono Boost)  
  33  3:21  Adept  
  33  3:22  Assimilator  
  35  3:29  Adept  
  37  3:47  Probe x2 (Chrono Boost)  
  39  3:50  Adept  
  41  3:56  Adept  
  41  4:01  Twilight Council, Observer  
  41  4:02  Probe x2 (Chrono Boost)  
  46  4:13  Pylon  
  46  4:14  Probe x2 (Chrono Boost)  
  48  4:17  Pylon  
  48  4:26  Probe (Chrono Boost)  
  49  4:32  Blink  
  49  4:37  Probe (Chrono Boost)  
  50  4:43  Gateway  
  50  4:47  Gateway  
  50  5:01  Stalker x2  
  54  5:08  Pylon, Observer  
  54  5:10  Pylon  
  55  5:28  Immortal  
  55  5:29  Stalker  
  55  5:30  Stalker  
  63  5:50  Stalker x2  
  65  5:58  Stalker x2  
  65  6:03  Probe (Chrono Boost)  
  65  6:04  Probe (Chrono Boost)  
  69  6:13  Pylon  
  69  6:15  Probe (Chrono Boost)  
  69  6:16  Probe (Chrono Boost)  
  65  6:19  Stalker  
  65  6:20  Stalker  
  69  6:28  Stalker x2  
  63  6:42  Probe (Chrono Boost)  
  60  6:49  Immortal  
  60  6:50  Stalker x2  
  60  6:53  Probe (Chrono Boost)  
  62  6:54  Probe (Chrono Boost)  
  66  7:22  Stalker x4  
  70  7:52  Nexus  
  70  7:55  Immortal  
  70  7:58  Stalker x4  
  66  8:04  Pylon  
  70  8:06  Pylon  
  70  8:16  Probe (Chrono Boost)  
  70  8:17  Probe (Chrono Boost)  
  72  8:22  Stalker  
  72  8:23  Stalker x3  
  80  8:29  Probe (Chrono Boost)  
  80  8:32  Probe (Chrono Boost)  
  82  8:41  Probe (Chrono Boost)  
  83  8:44  Probe (Chrono Boost)  
  84  8:48  Stalker x3  
  84  8:49  Stalker  
  84  8:53  Pylon  
  92  9:12  Stalker x4  
  86  9:39  Immortal, Stalker x3  
  86  9:40  Stalker  
  98  9:52  Assimilator  
  98  9:57  Gateway  
  98  9:59  Gateway  
  98  10:01  Pylon  
  94  10:09  Gateway  
  94  10:11  Pylon  
  94  10:12  Pylon  
  72  10:16  Stalker x3  
  72  10:17  Stalker  
  76  10:37  Probe (Chrono Boost)  
  76  10:38  Probe (Chrono Boost)  
  76  10:39  Probe (Chrono Boost)  
  79  10:57  Stalker x2  
  79  10:58  Stalker x2  
  79  11:04  Nexus  
  87  11:08  Assimilator  
  87  11:11  Assimilator  
  87  11:15  Pylon  
  85  11:18  Pylon  
  85  11:25  Forge  
  81  11:27  Forge  
  81  11:28  Assimilator  
  81  11:29  Observer, Forge, Assimilator  
  81  11:30  Pylon  
  81  11:31  Pylon  
  81  11:32  Pylon  
  82  11:34  Stalker x2  
  82  11:35  Stalker x2  
  88  11:43  Stalker  
  88  11:44  Stalker  
  90  11:56  Stalker  
  92  12:24  Stalker x6  
  98  12:55  Stalker x6  
  98  12:56  Stalker  
Tags
 
Composition
MMM Bio
Matchup
PvT
Replay Pack
All Mines
Spawn Locations
Cross Positions
Add a new tag
Caveats
  • Supply blocks, unpowered buildings, or Contaminate may cause inaccurate times.
  • Supply counts are checked every 10 seconds.